 Dungeon Crawl Stone Soup version 0.30.1-4-g462c640d31 (webtiles) character file.

Game seed: 1469395114610454716

15731 hallab the Arsonist (level 12, -11/81 HPs)
             Began as a Red Draconian Fire Elementalist on Aug 22, 2023.
             Was a High Priest of Nemelex Xobeh.
             Mangled by a skeletal warrior
             ... wielding a +0 trident
              (13 damage)
             ... on level 12 of the Dungeon on Aug 24, 2023.
             The game lasted 01:21:17 (13556 turns).

hallab the Arsonist (DrFE)                         Turns: 13556, Time: 01:21:22

Health: -11/81     AC: 12    Str: 10    XL:     12   Next: 3%
Magic:  18/24      EV: 16    Int: 21    God:    Nemelex Xobeh [*****.]
Gold:   1056       SH:  6    Dex: 15    Spells: 9/28 levels left

rFire   + + .        R - +6 hand axe (heavy)
rCold   x . .        N - +0 buckler
rNeg    . . .        (body armour unavailable)
rPois   .            (helmet restricted)
rElec   .            (no cloak)
rCorr   .            e - +0 pair of fencer's gloves {Riposte Dex+3}
SInv    .            G - +2 pair of boots
Will    .....        w - amulet of regeneration
Stlth   ++           x - ring of fire
HPRegen 1.13/turn    y - ring of wizardry
MPRegen 0.19/turn

%: wizardry (x1)
@: no status effects
A: breathe fire, AC +8, unfitting armour, fire resistance 1, cold-blooded
a: Breathe Fire, Renounce Religion, Draw Escape, Draw Destruction, Draw
Summoning, Triple Draw, Deal Four, Stack Five


You were on level 12 of the Dungeon.
You worshipped Nemelex Xobeh.
Nemelex Xobeh was extremely pleased with you.
You visited 2 branches of the dungeon, and saw 14 of its levels.

You collected 1056 gold pieces.

Inventory:

Hand Weapons
 a - the +1 quarterstaff "Newtbane" {freeze, rF+ Dex+3}
   (You found it on level 11 of the Dungeon)

   Dex:       It affects your dexterity (+3).
   rF:        It protects you from fire.
 J - a +1 vampiric short sword
 R - a +6 heavy hand axe (weapon)
Missiles
 h - 8 boomerangs
 n - 33 poisoned darts
 o - 3 atropa-tipped darts (quivered)
 B - a throwing net
 F - 3 curare-tipped darts
Armour
 e - the +0 pair of fencer's gloves (worn) {Riposte Dex+3}
   (You acquired it on level 8 of the Dungeon)

   Riposte:   It allows the wearer to riposte with melee weapons, swiftly
   retaliating against missed or blocked melee attacks.
   Dex:       It affects your dexterity (+3).
 u - an orb of guile
 G - a +2 pair of boots (worn)
 N - a +0 buckler (worn)
Jewellery
 w - an amulet of regeneration (around neck)
 x - a ring of fire (left hand)
 y - a ring of wizardry (right hand)
Wands
 d - a wand of quicksilver (7)
 i - a wand of polymorph (3)
 E - a wand of digging (8)
 I - a wand of iceblast (11)
 M - a wand of flame (36)
 P - a wand of paralysis (32)
Scrolls
 b - 5 scrolls of teleportation
 f - a scroll of magic mapping
 g - 2 scrolls of fog
 k - a scroll of fear {unknown}
 p - a scroll of blinking
 q - 2 scrolls of poison {unknown}
 s - a scroll of noise {unknown}
 v - a scroll of immolation {unknown}
 D - 2 scrolls of identify
 H - a scroll of enchant armour {unknown}
 K - a scroll of brand weapon
 O - 2 scrolls of amnesia {unknown}
Potions
 c - 3 potions of curing
 j - 3 potions of might
 l - a potion of resistance {unknown}
 m - 6 potions of lignification
 r - 3 potions of berserk rage
 t - 2 potions of brilliance
 z - 2 potions of haste
 A - a potion of invisibility {unknown}
 C - a potion of mutation {unknown}
 L - 3 potions of heal wounds


   Skills:
 + Level 8.7 Dodging
 - Level 1.7 Stealth
 + Level 6.8 Shields
 + Level 8.8 Spellcasting
 + Level 9.3 Conjurations
 + Level 11.6 Fire Magic
 + Level 1.8 Earth Magic


You had 9 spell levels left.
You knew the following spells:

 Your Spells              Type           Power      Damage    Failure   Level
a - Foxfire               Conj/Fire      100%       2x1d9     1%          1
b - Scorch                Fire           100%       2d9       1%          2
c - Flame Wave            Conj/Fire      68%        2d15      1%          4
d - Blink                 Tloc           18%        N/A       6%          2
e - Fulminant Prism       Conj/Hex       14%        3d8       6%          4
f - Iron Shot             Conj/Erth      16%        9d4       50%         6

Your spell library contained the following spells:

 Spells                   Type           Power      Damage    Failure   Level
 Magic Dart               Conj           100%       1d8       1%          1
 Momentum Strike          Conj/Tloc      56%        3d9       1%          2
 Searing Ray              Conj           96%        2d7       1%          2
 Inner Flame              Hex/Fire       50%        N/A       1%          3
 Volatile Blastmotes      Fire/Tloc      100%       2d18      1%          3
 Beastly Appendage        Tmut           18%        N/A       4%          1
 Lesser Beckoning         Tloc           18%        N/A       6%          2
 Sublimation of Blood     Necr           9%         N/A       6%          2
 Wereblood                Tmut           9%         N/A       6%          2
 Iskenderun's Mystic Bla  Conj/Tloc      28%        2d7       6%          4
 Gell's Gravitas          Tloc           9%         N/A       12%         3
 Spider Form              Tmut/Pois      9%         N/A       12%         3
 Teleport Other           Tloc           9%         N/A       12%         3
 Irradiate                Conj/Tmut      14%        3d16      16%         5
 Petrify                  Tmut/Erth      13%        N/A       26%         4
 Lee's Rapid Deconstruct  Erth           8%         3d7*      45%         5
 Blade Hands              Tmut           4%         N/A       69%         5
 Dispersal                Tloc           4%         N/A       99%         6
 Animate Armour           Summ/Erth      Unusable   N/A       N/A         4

Dungeon Overview and Level Annotations

Branches:
Dungeon (13/15)            Temple (1/1) D:7            Lair (0/5) D:10
    Orc (0/2) D:12
 Vaults: D:13-14

Altars:
Ashenzari
Cheibriados
Dithmenos
Elyvilon
Fedhas
Gozag
Hepliaklqana
Kikubaaqudgha
Makhleb
Nemelex Xobeh
Okawaru
Qazlal
Ru
Sif Muna
Trog
Uskayaw
Vehumet
Wu Jian
Xom
Yredelemnul
Zin
The Shining One

Shops:
D:7 [


Innate Abilities, Weirdness & Mutations

You can breathe blasts of fire.
Your fiery red scales are hard. (AC +8)
You cannot fit into any form of body armour.
Your flesh is heat resistant. (rF+)
You are cold-blooded and may be slowed by cold attacks.


Message History

Casting: Foxfire (safe; 1% risk of failure)
Confirm with . or Enter, or press ? or * to list all spells.
Casting: Flame Wave (mildly dangerous; 1% risk of failure)
Press: ? - help, Dir - look around, f - activate You feel a surge of power!
A wave of flame ripples out!
The flame wave engulfs the skeletal warrior!
The skeletal warrior is moderately damaged.
The flame wave engulfs the skeletal warrior!
The skeletal warrior is moderately damaged. (Press . to intensify the flame waves.)
The two-headed ogre shouts in stereo!
You hear a shout!
The skeletal warrior hits you with a +0 long sword!
The skeletal warrior hits you with a +0 heavy flail!!
A wave of flame ripples out!
The flame wave engulfs the skeletal warrior.
The skeletal warrior is moderately damaged.
The flame wave engulfs the skeletal warrior!!
The skeletal warrior is heavily damaged.
The flame wave engulfs the two-headed ogre!!
The two-headed ogre is moderately wounded.
A wave of flame ripples out!
The flame wave engulfs the two-headed ogre!!
The two-headed ogre is severely wounded.
The flame wave engulfs the skeletal warrior!
The skeletal warrior is heavily damaged.
The flame wave engulfs the skeletal warrior!
The skeletal warrior is severely damaged.
The flame wave engulfs the skeletal warrior.
The skeletal warrior is lightly damaged.
The flame wave engulfs the skeletal warrior.
The skeletal warrior is lightly damaged.
You finish channelling waves of flame.
The skeletal warrior hits you with a +0 heavy flail!
The two-headed ogre hits you with a +0 giant club!!
* * * LOW HITPOINT WARNING * * *
The two-headed ogre barely misses you.
The skeletal warrior closely misses you.
The skeletal warrior hits you from afar with a +0 trident!
You die...
Your body glows slightly and disappears.

#..... #......# #.....
#......# #...>. #......#
..#..... #......# #.#
#......##.#...#.#
#...zz..#.#...#.#
#...O...#.#...#.#
#...z@z.#.#...#.#
.#####'###.#...#.#
............#...#.######
............#...#.......
............###'#.......
........................
###..........########...
#..........# #...
#....^.....# #...


You could see 4 skeletal warriors and a two-headed ogre.

Vanquished Creatures
  A centaur warrior (D:9)
  4 two-headed ogres
  2 cyclopes
  An ugly thing (D:11)
  3 gargoyles
  An unseen horror (D:11)
  A kobold demonologist (D:12)
  2 trolls
  A hornet (D:9)
  Sigmund (D:5)
  5 slime creatures (D:12)
  A vampire (D:11)
  2 shadows
  A wraith (D:12)
  3 yaks (D:9)
  2 wyverns
  6 vampire mosquitoes (D:12)
  A steam dragon (D:9)
  An acid dragon (D:11)
  A hell hound (D:11)
  A water moccasin (D:5)
  4 orc warriors
  A sky beast (D:7)
  2 black bears (D:7)
  An ogre (D:4)
  A wolf (D:12)
  4 centaurs
  4 lemures (D:6)
  2 phantoms
  4 kobold brigands
  The ghost of YordlordTheGreat the Scratcher, an amateur FeTm (D:3)
  3 scorpions
  5 wights
  15 killer bees
  5 howler monkeys
  2 lava snakes (D:11)
  4 jellies
  7 orc priests
  3 hounds
  A gnoll bouda (D:7)
  2 sleepcaps
  2 iguanas
  Natasha (thrice) (D:3)
  19 orc wizards
  Robin (D:3)
  9 gnolls (D:7)
  2 adders
  A river rat (D:6)
  A white imp (D:5)
  2 ufetubi
  3 dart slugs
  An adder simulacrum (D:3)
  75 orcs
  10 endoplasms
  3 giant cockroaches
  16 goblins
  15 hobgoblins
  22 kobolds
  4 quokkas
  6 ball pythons
  A ball python simulacrum (D:3)
  3 bats
  4 frilled lizards
  A giant cockroach simulacrum (D:3)
  A quokka simulacrum (D:3)
  6 rats
  3 fulminant prisms (D:11)
326 creatures vanquished.

Vanquished Creatures (collateral kills)
  A boulder beetle (D:11)
  2 yaks (D:9)
  5 fire bats
  4 wights (D:9)
  2 orcs (D:9)
  A bat (D:7)
  A fire vortex (D:11)
16 creatures vanquished.

Vanquished Creatures (others)
  2 fire vortices (D:11)
  706 foxfires
  8 fulminant prisms
716 creatures vanquished.

Grand Total: 1058 creatures vanquished

Notes
Turn   | Place    | Note
-------+----------+-------------------------------------------
     0 | D:1      | hallab the Draconian Fire Elementalist began the quest for
                  | the Orb.
     0 | D:1      | Reached XP level 1. HP: 14/14 MP: 3/3
   164 | D:1      | Found a faded altar of an unknown god.
   168 | D:1      | Prayed at the altar of an unknown god.
   168 | D:1      | Became a worshipper of Nemelex Xobeh the Trickster
   168 | D:1      | Reached * piety under Nemelex Xobeh
   176 | D:1      | Reached XP level 2. HP: 20/20 MP: 0/5
   632 | D:1      | Received a gift from Nemelex Xobeh
   829 | D:1      | Reached XP level 3. HP: 26/26 MP: 3/6
  1606 | D:2      | Reached ** piety under Nemelex Xobeh
  2148 | D:3      | Found a runed translucent gate.
  2148 | D:3      | Found a runed translucent gate.
  2162 | D:3      | Noticed Natasha
  2166 | D:3      | Killed Natasha
  2167 | D:3      | Reached XP level 4. HP: 33/33 MP: 2/8
  2173 | D:3      | Learned a level 2 spell: Scorch
  2178 | D:3      | Learned a level 4 spell: Flame Wave
  2197 | D:3      | Identified the +1 helmet of the Bells {Rampage rN+}
  2197 | D:3      | Noticed Robin
  2213 | D:3      | Killed Robin
  2482 | D:3      | Found a runed translucent gate.
  2661 | D:3      | Noticed Natasha
  2668 | D:3      | Killed Natasha
  2669 | D:3      | Reached XP level 5. HP: 32/38 MP: 2/9
  2734 | D:3      | Noticed YordlordTheGreat's ghost (amateur FeTm)
  2832 | D:3      | Noticed Natasha
  2841 | D:3      | Killed Natasha
  2880 | D:3      | Killed YordlordTheGreat's ghost
  2881 | D:3      | Reached skill level 4 in Fire Magic
  2968 | D:4      | Noticed an ogre
  2973 | D:4      | Killed an ogre
  2974 | D:4      | Reached XP level 6. HP: 44/45 MP: 1/11
  3069 | D:4      | Received a gift from Nemelex Xobeh
  3108 | D:4      | Reached *** piety under Nemelex Xobeh
  3567 | D:4      | Found an ancient bone altar of Kikubaaqudgha.
  3758 | D:5      | Entered Level 5 of the Dungeon
  3772 | D:5      | Found a basalt altar of Yredelemnul.
  3772 | D:5      | Noticed Sigmund
  3781 | D:5      | Killed Sigmund
  3782 | D:5      | Your scales start taking on a fiery red colour.
  3782 | D:5      | Reached skill level 5 in Fire Magic
  3782 | D:5      | Reached XP level 7. HP: 50/50 MP: 1/12
  3782 | D:5      | Gained mutation: Your flesh is heat resistant. (rF+) [Red
                  | Draconian growth]
  3895 | D:5      | Reached skill level 6 in Fire Magic
  4268 | D:5      | Received a gift from Nemelex Xobeh
  5048 | D:6      | Reached XP level 8. HP: 57/57 MP: 10/14
  5051 | D:6      | Learned a level 2 spell: Blink
  5317 | D:6      | Reached skill level 5 in Conjurations
  5317 | D:6      | Reached skill level 7 in Fire Magic
  5393 | D:6      | Reached skill level 5 in Spellcasting
  5482 | D:6      | Found a snail-covered altar of Cheibriados.
  5492 | D:6      | Received a gift from Nemelex Xobeh
  5615 | D:6      | Reached **** piety under Nemelex Xobeh
  5673 | D:6      | Reached skill level 5 in Dodging
  5682 | D:6      | Noticed Pikel
  5688 | D:6      | Pikel changed into Pikel the troll
  5688 | D:6      | Noticed Pikel
  5690 | D:6      | Pikel the troll changed into Pikel the scorpion
  5690 | D:6      | Noticed Pikel
  5693 | D:6      | Killed Pikel the scorpion
  6169 | D:7      | Reached XP level 9. HP: 55/62 MP: 9/17
  6173 | D:7      | Reached skill level 8 in Fire Magic
  6599 | D:7      | Found Zecyiwir's Armour Shop.
  6618 | D:7      | Found a staircase to the Ecumenical Temple.
  6627 | Temple   | Entered the Ecumenical Temple
  6627 | Temple   | Found a transporter.
  6627 | Temple   | Found a transporter.
  6629 | Temple   | Found a transporter.
  6629 | Temple   | Found a transporter.
  6897 | D:7      | Reached skill level 1 in Shields
  7024 | D:7      | Received a gift from Nemelex Xobeh
  7249 | D:8      | Noticed a two-headed ogre
  7257 | D:8      | Killed a two-headed ogre
  7487 | D:8      | Reached skill level 9 in Fire Magic
  8007 | D:8      | Noticed a gargoyle
  8011 | D:8      | Killed a gargoyle
  8012 | D:8      | Reached XP level 10. HP: 30/69 MP: 9/20
  8087 | D:8      | Identified a scroll of acquirement
  8088 | D:8      | Acquired the +0 pair of fencer's gloves {Riposte Dex+3}
  8088 | D:8      | Found the +0 pair of fencer's gloves {Riposte Dex+3}
  8494 | D:9      | Learned a level 4 spell: Fulminant Prism
  8622 | D:9      | Received a gift from Nemelex Xobeh
  8879 | D:9      | Noticed a two-headed ogre
  8887 | D:9      | Killed a two-headed ogre
  9359 | D:9      | Noticed a cyclops
  9360 | D:9      | Noticed a centaur warrior
  9392 | D:9      | Reached skill level 10 in Fire Magic
  9404 | D:9      | Killed a centaur warrior
  9593 | D:9      | Killed a cyclops
  9594 | D:9      | Reached skill level 5 in Shields
  9775 | D:9      | Received a gift from Nemelex Xobeh
  9885 | D:10     | Entered Level 10 of the Dungeon
  9911 | D:10     | Reached ***** piety under Nemelex Xobeh
 10132 | D:10     | Reached XP level 11. HP: 74/74 MP: 13/22
 10764 | D:10     | Found a staircase to the Lair.
 10790 | D:10     | Noticed a two-headed ogre
 10796 | D:10     | Killed a two-headed ogre
 11046 | D:11     | Noticed a two-headed ogre
 11053 | D:11     | Killed a two-headed ogre
 11063 | D:11     | Noticed a boulder beetle
 11097 | D:11     | Killed a boulder beetle
 11318 | D:11     | Reached skill level 11 in Fire Magic
 11484 | D:11     | Noticed a cyan ugly thing
 11501 | D:11     | Killed a cyan ugly thing
 12101 | D:11     | Identified the +1 quarterstaff "Newtbane" {freeze, rF+
                  | Dex+3}
 12380 | D:12     | Learned a level 6 spell: Iron Shot
 12654 | D:12     | Found a staircase to the Orcish Mines.
 12849 | D:12     | You fall into a shaft and drop 1 floor!
 12959 | D:12     | Reached skill level 1 in Earth Magic
 13117 | D:12     | Noticed Maurice
 13124 | D:12     | Maurice changed into Maurice the wolf
 13124 | D:12     | Noticed Maurice
 13126 | D:12     | Killed Maurice the wolf
 13227 | D:12     | Received a gift from Nemelex Xobeh
 13396 | D:12     | Reached XP level 12. HP: 81/81 MP: 17/24
 13552 | D:12     | Noticed a two-headed ogre
 13556 | D:12     | HP: 2/81 [two-headed ogre/+0 giant club (25)]
 13556 | D:12     | Mangled by a skeletal warrior

Illustrated notes

Levels and vault maps discovered:
D:1:      tarquinn_simple_flora_water_d, layout_basic,
          hellmonk_ecumenical_altar_leap_of_faith, minivault_11
D:2:      layout_basic, minmay_misc_feat_secret_circle
D:3:      layout_rooms, gammafunk_ghost_icy, chequers_serial_rivers_micro_d,
          uniq_robin, uniq_natasha
D:4:      layout_cave_pools, nicolae_kikubaaqudgha_miasma_corner
D:5:      layout_loops_ring, mainiacjoe_overflow_alcove_1,
          nicolae_figureground_sparkle, uniq_sigmund
D:6:      layout_loops_ring, kennysheep_slug_shrine, uniq_pikel
D:7:      layout_basic, temple_hall, serial_shops, shop
D:8:      layout_basic
D:9:      layout_basic, minivault_1, grunt_tough_drop
D:10:     layout_loops_corners, lair_entry_dummy
D:11:     layout_loops_ring, hangedman_incinerator
D:12:     layout_irregular_city, hiddenorc2_lemuel, serial_column_ruins,
          column_ruins_grid_3, column_ruins_open_small, column_ruins_grid_1,
          column_ruins_grid_1, column_ruins_grid_1, uniq_maurice
D:13:     layout_roguey, ximxim_vaults_locker_room, gauntlet_entry_generic,
          grunt_ministairs_15
Temple:   hellmonk_temple_divided_pantheon

Skill      XL: |  1  2  3  4  5  6  7  8  9 10 11 |
---------------+----------------------------------+-----
Dodging        | 2 3 4 5 6 7 8 |  8.7
Conjurations   | 2 3 4 5 7 8 9 |  9.3
Spellcasting   | 3 4 5 6 7 8 |  8.8
Fire Magic     | 4 5 6 7 9 10 11 | 11.6
Shields        | 3 5 6 |  6.8
Earth Magic    | 1 |  1.8
Stealth        | |  1.7

Action                     |  1- 3 |  4- 6 |  7- 9 | 10-12 || total
---------------------------+-------+-------+-------+-------++-------
  Melee: Unarmed           |    17 |       |       |       ||    17
         Tailslap          |     3 |       |     3 |    14 ||    20
         Hand axe          |     3 |     8 |    18 |    26 ||    55
  Throw: Dart              |       |     8 |     3 |       ||    11
   Cast: Foxfire           |    71 |    50 |   117 |   175 ||   413
         Scorch            |       |    13 |    62 |    96 ||   171
         Flame Wave        |       |     1 |     4 |     7 ||    12
         Fulminant Prism   |       |       |       |    11 ||    11
 Invoke: Draw Destruction  |       |     3 |    13 |     6 ||    22
         Draw Summoning    |       |       |     1 |     8 ||     9
Ability: Breathe Fire      |       |       |    17 |    32 ||    49
  Evoke: Wand              |       |       |       |     5 ||     5
    Use: Scroll            |       |     5 |       |    14 ||    19
         Potion            |       |     1 |     1 |     1 ||     3
 Armour: Skin              |     8 |     8 |    42 |    43 ||   101
  Dodge: Dodged            |     8 |    29 |    52 |    90 ||   179
  Block: Buckler           |       |       |     2 |    44 ||    46
Riposte: Hand axe          |       |       |       |    36 ||    36
